 Dungeon Crawl Stone Soup version 0.19-a0-1206-g6bcb79c (webtiles) character file.

354 nubinia the Conjurer (level 6, -1/34 HPs)
             Began as a Tengu Conjurer on Aug 21, 2016.
             Slain by an ice beast (10 damage)
             ... on level 5 of the Dungeon.
             The game lasted 00:14:56 (5095 turns).

nubinia the Conjurer (Tengu Conjurer)               Turns: 5095, Time: 00:14:56

Health: -1/34      AC:  2    Str:  8    XL:     6   Next: 63%
Magic:  10/12      EV: 16    Int: 18    God:
Gold:   194        SH:  0    Dex: 18    Spells: 3 memorised, 3 levels left

rFire  . . .     SeeInvis .     e - +0 dagger
rCold  . . .     Gourm    .     a - +0 robe
rNeg   . . .     Faith    .     (no shield)
rPois  .         Spirit   .     (helmet restricted)
rElec  .         Dismiss  +     (no cloak)
rCorr  .         Reflect  .     (no gloves)
MR     +....     Harm     .     (boots unavailable)
Stlth  +++.......               r - amulet of dismissal
                                h - ring of protection from magic
                                l - +4 ring of dexterity

@: flying quickly and evasively, quick
A: beak, talons 3, able to fly 1
a: no special abilities


You were on level 5 of the Dungeon.
You were not hungry.

You visited 1 branch of the dungeon, and saw 5 of its levels.

You collected 194 gold pieces.

Inventory:

Hand Weapons
 e - a +0 dagger (weapon)
Armour
 a - a +0 robe (worn)
Jewellery
 g - an uncursed ring of protection from fire
 h - a ring of protection from magic (right hand)
 l - a +4 ring of dexterity (left hand)
 r - an amulet of dismissal (around neck)
Wands
 o - a wand of enslavement (20/24)
Scrolls
 d - 2 scrolls of blinking {unknown}
 f - a scroll of fear {unknown}
 i - a scroll of enchant weapon {unknown}
 m - 3 scrolls of recharging
 p - a scroll of enchant armour {unknown}
 q - a scroll of magic mapping {unknown}
 x - a scroll of teleportation {unknown}
Potions
 j - 2 potions of curing
 k - a potion of berserk rage {unknown}
 n - 2 potions of brilliance
 u - a potion of heal wounds
 v - a potion of flight {unknown}
Books
 b - a book of Conjurations

   Spells                             Type                      Level
   a - Magic Dart                     Conjuration                  1
   b - Searing Ray                    Conjuration                  2
   c - Dazzling Spray                 Conjuration/Hexes            3
   d - Fulminant Prism                Conjuration/Hexes            4
   e - Iskenderun's Mystic Blast      Conjuration                  4
   f - Iskenderun's Battlesphere      Conjuration/Charms           5
Comestibles
 c - 2 bread rations
 s - 3 fruits
 t - a beef jerky
 w - a slice of pizza
 z - 5 chunks of flesh


   Skills:
 + Level 1.0 Fighting
 + Level 0.2 Short Blades
 + Level 2.7 Dodging
 + Level 3.3 Stealth
 + Level 3.8 Spellcasting
 + Level 7.6 Conjurations
 * Level 0.4 Charms


You had 3 spell levels left.
You knew the following spells:

 Your Spells              Type           Power        Failure   Level  Hunger
a - Magic Dart            Conj           ####         1%          1    None
b - Dazzling Spray        Conj/Hex       ###...       12%         3    ###....
c - Iskenderun's Battles  Conj/Chrm      ###.....     87%         5    ######.


Dungeon Overview and Level Annotations

Branches:
Dungeon (5/15)
 Temple: D:4-7

Altars:
Cheibriados
Dithmenos
Elyvilon
Fedhas
Yredelemnul


Innate Abilities, Weirdness & Mutations

You have a beak for a mouth.
You have claws for feet.
You can fly.


Message History

You are feeling hungry.
You continue eating.
You float gracefully downwards.
You continue eating.
You finish eating.
This raw flesh tastes terrible.
You start resting.
Magic restored.
You climb downwards.
The ice beast barely misses you.
There is a stone staircase leading up here.
You fail to use your ability.
The ice beast hits you. The ice beast freezes you!
Found a scroll of identify.
You swoop lightly up into the air.
You feel very comfortable in the air.
You feel somewhat more hungry. The ice beast misses you.
The ice beast hits you. The ice beast freezes you! The ice beast hits you.
* * * LOW HITPOINT WARNING * * *
Your amulet of dismissal vibrates suddenly!
The ice beast freezes you!
You die...

#......+
#..#...#
#..#####
#..##
#...#
#...+
#...#
#...###
#@Y...#
#.....#
#.....#
#.....#
#######


You could see an ice beast.

Vanquished Creatures
  A hound (D:4)
  A quasit (D:4)
  Ijyb (D:4)
  4 worker ants (D:4)
  A hound skeleton (D:4)
  6 adders
  3 gnolls (D:4)
  3 worms
  2 dart slugs
  A giant gecko (D:1)
  2 orcs
  11 bats
  2 giant cockroaches
  11 goblins
  6 hobgoblins
  2 jackals
  A quokka (D:4)
  2 giant gecko skeletons (D:4)
  5 giant newts
  6 kobolds
  8 rats
79 creatures vanquished.

Notes
Turn   | Place    | Note
-------+----------+-------------------------------------------
     0 | D:1      | nubinia the Tengu Conjurer began the quest for the Orb.
     0 | D:1      | Reached XP level 1. HP: 10/10 MP: 4/4
    93 | D:1      | Reached XP level 2. HP: 15/15 MP: 0/6
   383 | D:1      | Reached skill level 6 in Conjurations
   846 | D:1      | Reached XP level 3. HP: 19/19 MP: 5/7
   851 | D:1      | Learned a level 3 spell: Dazzling Spray
  1896 | D:2      | Reached XP level 4. HP: 24/24 MP: 0/8
  3262 | D:4      | Found a snail-covered altar of Cheibriados.
  3272 | D:4      | Gained mutation: You can fly. [Tengu growth]
  3272 | D:4      | Reached XP level 5. HP: 17/28 MP: 0/10
  3770 | D:4      | Reached skill level 7 in Conjurations
  4049 | D:4      | Reached XP level 6. HP: 20/33 MP: 3/12
  4067 | D:4      | Learned a level 5 spell: Iskenderun's Battlesphere
  4526 | D:4      | Found a shadowy altar of Dithmenos.
  4706 | D:4      | Found a basalt altar of Yredelemnul.
  4714 | D:4      | Found a blossoming altar of Fedhas.
  4717 | D:4      | Found a white marble altar of Elyvilon.
  4813 | D:4      | Reached skill level 1 in Fighting
  4827 | D:4      | Noticed Ijyb
  4921 | D:4      | Killed Ijyb
  5043 | D:5      | Entered Level 5 of the Dungeon
  5050 | D:5      | Noticed an ice beast
  5095 | D:5      | Slain by an ice beast

Vault maps used:
D:1:      shiori_arrival_maze
D:2:      first_bread, st_stairs_10
D:4:      kennysheep_the_goblin_king, nicolae_overflow_hidden_temple
D:5:      nicolae_qazlal_general_emergency

Skill      XL: |  1  2  3  4  5  6 |
---------------+-------------------+-----
Conjurations   | 6 7 |  7.6
Stealth        | 3 |  3.3
Spellcasting   | 3 |  3.8
Fighting       | 1 |  1.0
Short Blades   | |  0.2
Dodging        | |  2.7
Charms         | |  0.4

Action                   |  1- 3 |  4- 6 || total
-------------------------+-------+-------++-------
Melee: Dagger            |    21 |     8 ||    29
       Kick              |     3 |       ||     3
       Peck              |     1 |       ||     1
 Cast: Magic Dart        |    78 |   130 ||   208
       Dazzling Spray    |       |     1 ||     1
 Abil: Fly               |       |     4 ||     4
  Use: Scroll            |       |     4 ||     4
       Potion            |       |     1 ||     1
 Stab: Sleeping          |     3 |     3 ||     6
  Eat: Chunk             |     4 |    11 ||    15
Armor: Robe              |     4 |    12 ||    16
Dodge: Dodged            |    25 |    23 ||    48
